 Dungeon Crawl Stone Soup version 0.19.5 (webtiles) character file.

623 tidbits the Slasher (level 7, -1/45 HPs)
             Began as a High Elf Skald on Nov 14, 2017.
             Was a Believer of Okawaru.
             Slain by a gnoll
             ... wielding a +0 whip
              (7 damage)
             ... on level 5 of the Dungeon.
             The game lasted 00:15:40 (2156 turns).

tidbits the Slasher (High Elf Skald)                Turns: 2156, Time: 00:15:40

Health: -1/45      AC:  4    Str: 18    XL:     7   Next: 22%
Magic:  10/14      EV: 12    Int: 22    God:    Okawaru [**....]
Gold:   165        SH:  0    Dex: 14    Spells: 5 memorised, 3 levels left

rFire  . . .     SeeInvis .     a - +0 falchion
rCold  . . .     Gourm    .     b - +0 leather armour
rNeg   . . .     Faith    .     (no shield)
rPois  .         Spirit   .     E - +0 helmet
rElec  .         Reflect  .     (no cloak)
rCorr  .         Harm     .     (no gloves)
MR     .....                    (no boots)
Stlth  +.........               y - amulet of regeneration
                                (no ring)
                                (no ring)

@: mighty, brilliant, drained
A: no striking features
a: Heroism, Renounce Religion


You were on level 5 of the Dungeon.
You worshipped Okawaru.
Okawaru was pleased with you.
You were hungry.

You visited 1 branch of the dungeon, and saw 5 of its levels.

You collected 165 gold pieces.

Inventory:

Hand Weapons
 a - a +0 falchion (weapon)
 i - a +0 dagger
   (You found it on level 1 of the Dungeon)
 p - a +0 hunting sling
   (You found it on level 2 of the Dungeon)
 s - a +1 whip of electrocution
   (You found it on level 3 of the Dungeon)
 B - a cursed +5 dire flail
   (You took it off a wight on level 5 of the Dungeon)
 F - a -3 long sword
   (You found it on level 5 of the Dungeon)
Missiles
 f - 48 stones (quivered)
 n - 3 javelins
 r - 35 sling bullets
 t - 48 arrows
 v - 30 poisoned needles
Armour
 b - a +0 leather armour (worn)
 m - a +0 ring mail
   (You found it on level 2 of the Dungeon)
 E - a +0 helmet (worn)
   (You found it on level 3 of the Dungeon)
Jewellery
 y - an amulet of regeneration (around neck)
   (You found it on level 4 of the Dungeon)
Scrolls
 j - a scroll of amnesia {unknown}
 k - a scroll of magic mapping
 o - a scroll of identify
 z - a scroll of random uselessness {unknown}
 A - a scroll of enchant weapon {unknown}
 C - a scroll of remove curse
Potions
 e - a potion of cancellation {unknown}
 g - a potion of beneficial mutation {unknown}
 h - a potion of lignification {unknown}
 l - a potion of flight {unknown}
 u - a potion of magic
Books
 c - a book of Battle

   Spells                             Type                      Level
   a - Infusion                       Charms                       1
   b - Shroud of Golubria             Charms/Translocation         2
   c - Song of Slaying                Charms                       2
   d - Spectral Weapon                Hexes/Charms                 3
   e - Regeneration                   Charms/Necromancy            3
Comestibles
 d - 2 bread rations
 q - a beef jerky
 x - a meat ration


   Skills:
 - Level 2.9 Fighting
 + Level 7.5 Long Blades
 - Level 1.7 Armour
 - Level 2.5(2.4) Dodging
 - Level 4.0 Spellcasting
 - Level 4.2(4.1) Charms


You had 3 spell levels left.
You knew the following spells:

 Your Spells              Type           Power        Failure   Level  Hunger
g - Shroud of Golubria    Chrm/Tloc      ####......   1%          2    #......
i - Infusion              Chrm           ####         1%          1    None
r - Regeneration          Chrm/Necr      ####......   2%          3    ###....
w - Spectral Weapon       Hex/Chrm       ####....     2%          3    ###....
y - Song of Slaying       Chrm           #####...     1%          2    #......


Dungeon Overview and Level Annotations

Branches:
Dungeon (5/15)
 Temple: D:4-7

Altars:
Okawaru


Message History

It sticks to your hand!
F - a cursed -3 long sword (weapon)
The gnoll shouts!
Okay, then.
The gnoll closely misses you. The gnoll hits you but does no damage.
The gnoll hits you from afar with a spear.
There is an open door, spattered with blood here.
There is an open door here.
As you read the scroll labeled RUUGUJ EDWUPLAA, it crumbles to dust.
You feel aware of your surroundings.
It was a scroll of magic mapping.
As you read the scroll labeled DENATZAIMA, it crumbles to dust.
It is a scroll of identify.
C - 2 scrolls of remove curse
As you read the scroll of remove curse, it crumbles to dust.
You feel as if something is helping you.
Wield which item (- for none, * to show all)? (? for menu, Esc to quit)
a - a +0 falchion (weapon)
There is an open door here.
Your magical contamination has completely faded away.
A worm comes into view.
Casting: Spectral Weapon
Confirm with . or Enter, or press ? or * to list all spells.
You draw out your weapon's spirit!
You closely miss the gnoll. The gnoll closely misses you.
The gnoll completely misses you.
You barely miss the gnoll.
Your spectral weapon hits the gnoll.
The gnoll barely misses you. The gnoll hits you with a halberd!
The gnoll hits you with a club!
You hit the gnoll but do no damage.
The gnoll is lightly wounded.
Your spectral weapon barely misses the gnoll.
The gnoll hits you from afar with a spear.
The gnoll closely misses you.
You hit the gnoll.
The gnoll is heavily wounded.
Your spectral weapon hits the gnoll.
The gnoll completely misses you.
The gnoll hits you from afar with a spear!
* * * LOW HITPOINT WARNING * * *
You hit the gnoll.
You kill the gnoll!
Okawaru accepts your kill. The gnoll closely misses you.
The gnoll barely misses you.
You swap places.
The gnoll barely misses you. x2
The gnoll hits your spectral weapon with a club.
A centaur comes into view.
The centaur shouts!
The centaur wields a shortbow.
The centaur shoots an arrow.
The arrow hits you!
* * * LOW HITPOINT WARNING * * *
You see here an arrow.
The centaur unwields an uncursed shortbow.
The centaur hits you.
* * * LOW HITPOINT WARNING * * *
You barely miss the centaur. The centaur completely misses you.
You barely miss the centaur.
Your spectral weapon hits the centaur but does no damage.
The centaur hits you.
* * * LOW HITPOINT WARNING * * *
The gnoll misses you.
You riposte.
You hit the gnoll but do no damage. The centaur closely misses you.
You riposte.
You hit the centaur.
The centaur is moderately wounded.
You closely miss the centaur.
The centaur is moderately wounded.
Your spectral weapon hits the centaur.
The centaur hits you.
* * * LOW HITPOINT WARNING * * *
You hit the centaur.
The centaur is heavily wounded.
Your spectral weapon hits the centaur.
The gnoll hits you but does no damage. The centaur hits you.
* * * LOW HITPOINT WARNING * * *
The gnoll hits you but does no damage.
You hit the centaur.
The centaur is severely wounded.
Your spectral weapon hits the centaur.
The centaur closely misses your spectral weapon.
The gnoll barely misses you. x3
The centaur hits your spectral weapon but does no damage.
You catch the helpless centaur completely off-guard!
You hit the centaur.
The centaur is almost dead.
Your spectral weapon hits the centaur but does no damage.
The gnoll barely misses you. The centaur hits you!
* * * LOW HITPOINT WARNING * * *
The gnoll hits you with a club.
* * * LOW HITPOINT WARNING * * *
The gnoll hits you with a whip.
* * * LOW HITPOINT WARNING * * *
It was a potion of brilliance.
You feel clever all of a sudden. The centaur misses you.
The gnoll barely misses you. The gnoll hits you but does no damage.
The gnoll hits you with a whip.
* * * LOW HITPOINT WARNING * * *
The centaur barely misses you.
It was a potion of might.
You feel very mighty all of a sudden. The gnoll barely misses you.
The centaur hits you but does no damage.
The gnoll hits you but does no damage. The gnoll hits you with a whip!
You die...

.....# #.....#.....###.# #
.....#*#.....#.....# #.# #
#.....*#.....##.#.## #.# #
#....,*#.....##.#.# #.# #
*,,,,,*#.....##.#.# #.#
*,,,,,*#.....##.#.####.####****
*,,,,,*#.....##wg.#.......#,,,*
*,,,,,*#.....###gg#.s.....#,,,*
*,,,,,*#.....###@.#.......#,,,*
*,,,,,*#......(c..........#,,,* #
,,,,,,*##.................#,,,* #
,,,,,,* #.................#..,* #
,,,,,,* *.................#...* #
,,,,,,***..........#..........###
,,,,,,,,+........................
,,,,*****.................$......
,,,,* *,,.......!.##+####......


You could see a centaur, a worm, 3 gnolls and a friendly spectral falchion.

Vanquished Creatures
  An ice beast (D:5)
  A scorpion (D:4)
  2 wights (D:5)
  A crimson imp (D:5)
  2 hounds
  A bullfrog skeleton (D:5)
  2 orc wizards
  A centaur skeleton (D:5)
  An iguana (D:5)
  2 worker ants
  A gnoll (D:5)
  4 adders
  5 dart slugs
  A worm (D:3)
  5 leopard geckos
  5 orcs
  A ball python (D:4)
  4 giant cockroaches
  6 goblins
  3 hobgoblins
  2 jackals (D:3)
  A quokka (D:4)
  3 bats
  4 frilled lizards
  4 kobolds
  4 rats
67 creatures vanquished.

Notes
Turn   | Place    | Note
-------+----------+-------------------------------------------
     0 | D:1      | tidbits the High Elf Skald began the quest for the Orb.
     0 | D:1      | Reached XP level 1. HP: 14/14 MP: 4/4
    89 | D:1      | Reached skill level 1 in Armour
   133 | D:1      | Reached XP level 2. HP: 7/19 MP: 0/6
   137 | D:1      | Learned a level 2 spell: Song of Slaying
   140 | D:1      | Learned a level 2 spell: Shroud of Golubria
   671 | D:2      | Reached XP level 3. HP: 22/25 MP: 1/8
   692 | D:2      | Found an iron altar of Okawaru.
   700 | D:2      | Became a worshipper of Warmaster Okawaru
   795 | D:3      | Reached skill level 2 in Dodging
   809 | D:3      | Reached skill level 3 in Spellcasting
   823 | D:3      | Learned a level 3 spell: Regeneration
  1035 | D:4      | Noticed a scorpion
  1042 | D:4      | Reached XP level 4. HP: 25/30 MP: 0/9
  1056 | D:4      | Reached skill level 3 in Long Blades
  1056 | D:4      | Reached skill level 4 in Charms
  1056 | D:4      | Reached XP level 5. HP: 10/36 MP: 7/11
  1189 | D:4      | Reached * piety under Okawaru
  1332 | D:4      | Reached skill level 4 in Long Blades
  1368 | D:5      | Entered Level 5 of the Dungeon
  1432 | D:5      | Reached skill level 4 in Spellcasting
  1439 | D:5      | Reached skill level 5 in Long Blades
  1439 | D:5      | Reached XP level 6. HP: 13/41 MP: 0/13
  1573 | D:5      | Learned a level 3 spell: Spectral Weapon
  1712 | D:5      | Noticed an ice beast
  1726 | D:5      | HP: 4/41 [ice beast (4)]
  1727 | D:5      | Killed an ice beast
  1727 | D:5      | Reached skill level 6 in Long Blades
  1771 | D:5      | Reached ** piety under Okawaru
  1771 | D:5      | Reached XP level 7. HP: 45/45 MP: 1/14
  1872 | D:5      | Reached skill level 7 in Long Blades
  2156 | D:5      | Slain by a gnoll

Skill      XL: |  1  2  3  4  5  6  7 |
---------------+----------------------+-----
Armour         | 1 |  1.7
Dodging        | 2 |  2.5
Spellcasting   | 3 4 |  4.0
Long Blades    | 3 5 6 7 |  7.5
Charms         | 4 |  4.2
Fighting       | |  2.9

Action                   |  1- 3 |  4- 6 |  7- 9 || total
-------------------------+-------+-------+-------++-------
Melee: Falchion          |    85 |   134 |    52 ||   271
 Fire: Hunting sling     |    13 |       |       ||    13
 Cast: Infusion          |    15 |     7 |     1 ||    23
       Shroud of Golubri |     3 |     4 |     2 ||     9
       Regeneration      |     2 |     4 |     1 ||     7
       Spectral Weapon   |       |     4 |     2 ||     6
  Use: Potion            |     2 |     2 |     2 ||     6
       Scroll            |       |       |     3 ||     3
 Stab: Sleeping          |     1 |       |     1 ||     2
       Invisible         |     1 |     2 |       ||     3
       Distracted        |       |     1 |     1 ||     2
  Eat: Chunk             |     1 |     3 |     2 ||     6
       Fruit             |       |     2 |       ||     2
Armor: Leather armour    |    20 |    24 |    12 ||    56
Dodge: Dodged            |    59 |    81 |    52 ||   192
       Rpst.: Falchion   |    17 |    20 |     9 ||    46

Table legend:
 A = Turns spent in this place as a percentage of turns spent in the entire game.
 B = Non-inter-level travel turns spent in this place as a percentage of non-inter-level travel turns spent in the entire game.
 C = Inter-level travel turns spent in this place as a percentage of turns spent in this place.
 D = Turns resting spent in this place as a percentage of non-inter-level travel turns spent in this place.
 E = Turns spent auto-exploring this place as a percentage of non-inter-level travel turns spent in this place.
 F = Non-inter-level travel turns spent in this place divided by the number of levels of this place that you've seen.
                   A       B       C       D       E      F
               +-------+-------+-------+-------+-------+----------------------
         Total | 100.0 | 100.0 |   0.2 |   0.0 |   0.0 | 368.6
       Dungeon | 100.0 | 100.0 |   0.2 |   0.0 |   0.0 | 368.6
               +-------+-------+-------+-------+-------+----------------------

Table legend:
 A = Kills in this place as a percentage of kills in entire the game.
 B = Kills by you in this place as a percentage of kills by you in the entire game.
 C = Kills by friends in this place as a percentage of kills by friends in the entire game.
 D = Other kills in this place as a percentage of other kills in the entire game.
 E = Experience gained in this place as a percentage of experience gained in the entire game.
 F = Experience gained in this place divided by the number of levels of this place that you have seen.
                   A       B       C       D       E      F
               +-------+-------+-------+-------+-------+----------------------
         Total | 100.0 | 100.0 |  -nan |  -nan | 100.0 | 178.0
       Dungeon | 100.0 | 100.0 |  -nan |  -nan | 100.0 | 178.0
               +-------+-------+-------+-------+-------+----------------------

Vault maps used:
D:1:      dpeg_arrival_leaves_temple_mockup, serial_forest,
          infiniplex_forest_clump_curved, infiniplex_forest_clump_curved,
          infiniplex_forest_corner_2, infiniplex_forest_zigzag_2,
          infiniplex_forest_clump_small
D:2:      minmay_misc_feat_rows, kennysheep_okawaru_gauntlet
D:5:      first_bread, uniq_edmund
